| TOP OF THE 1ST |
|
Tennessee Smokies batting - Pitching for Springfield Cardinals : RHP Danny Cook
|
|
Pitching: RHP Danny Cook
|
|
|
Batting: RHB Eric Wiss
|
0-0: Called Strike 0-1: Ball 1-1: Ball 2-1: Swinging Strike 2-2: Strikes out swinging
|
|
Batting: RHB Khalil Stephens
|
0-0: Ball 1-0: Called Strike 1-1: Ball 2-1: Ball 3-1: Called Strike 3-2: Ground out 6-3 (Groundball, 6, EV 84.4 MPH)
|
|
Batting: RHB Brad Santanello
|
0-0: Ball 1-0: Ball 2-0: Foul Ball, location: 2F 2-1: Ball 3-1: Base on Balls
|
|
Batting: LHB Angel Oropeza
|
0-0: Ball 1-0: Ground out 4-3 (Groundball, 4, EV 100.0 MPH)
|
| Top of the 1st over - 0 runs, 0 hits, 0 errors, 1 left on base; Tennessee 0 - Springfield 0 |
| BOTTOM OF THE 1ST |
|
Springfield Cardinals batting - Pitching for Tennessee Smokies : RHP Bogdan Sdobnyakov
|
|
Pitching: RHP Bogdan Sdobnyakov
|
|
|
Batting: RHB Jose Rivera
|
0-0: Ball 1-0: Ground out 5-3 (Groundball, 56, EV 100.6 MPH)
|
|
Batting: RHB Tyler Walker
|
0-0: Called Strike 0-1: Called Strike 0-2: Ball 1-2: Ball 2-2: Foul Ball, location: 2F 2-2: Ball 3-2: Foul Ball, location: 2F 3-2: Strikes out looking
|
|
Batting: LHB Travis Ruppel
|
0-0: Ball 1-0: Ball 2-0: Called Strike 2-1: Ground out 6-3 (Groundball, 6M, EV 98.1 MPH)
|
| Bottom of the 1st over - 0 runs, 0 hits, 0 errors, 0 left on base; Tennessee 0 - Springfield 0 |
| TOP OF THE 2ND |
|
Tennessee Smokies batting - Pitching for Springfield Cardinals : RHP Danny Cook
|
|
Batting: RHB Sam Sours
|
0-0: Foul Ball, location: 2F 0-1: Ball 1-1: Called Strike 1-2: Foul Ball, location: 2F 1-2: Ball 2-2: Ball 3-2: Base on Balls
|
|
Batting: RHB Tim Long
|
0-0: Ball Sam Sours steals 2nd base 1-0: Ball 2-0: Ball 3-0: Base on Balls
|
|
Batting: RHB David Barnard
|
0-0: Ball 1-0: Ball 2-0: Called Strike 2-1: Fielders Choice at 2nd, 5-4 (Groundball, 5S, EV 88.8 MPH) Sam Sours to third
|
|
Batting: RHB Sung-hwan Jung
|
0-0: Fielders Choice at 2nd, 4-6 (Groundball, 4M, EV 100.0 MPH) Sam Sours scores
|
|
Batting: RHB Alvaro Romero
|
0-0: Called Strike 0-1: Fly out, F7 (Flyball, 7S, EV 96.2 MPH)
|
| Top of the 2nd over - 1 run, 0 hits, 0 errors, 1 left on base; Tennessee 1 - Springfield 0 |
| BOTTOM OF THE 2ND |
|
Springfield Cardinals batting - Pitching for Tennessee Smokies : RHP Bogdan Sdobnyakov
|
|
Batting: RHB Joe Alley
|
0-0: Ball 1-0: Ball 2-0: Ball 3-0: Base on Balls
|
|
Batting: RHB Tommy Boudreaux
|
0-0: Ball 1-0: Ball 2-0: Called Strike 2-1: Ball 3-1: Swinging Strike 3-2: Base on Balls Joe Alley to second
|
|
Batting: RHB Immel Kamuzu
|
0-0: Ball 1-0: Fly out, F7 (Flyball, 7LM, EV 90.6 MPH)
|
|
Batting: RHB Jose Jimenez
|
0-0: Ball 1-0: Ball 2-0: Ball 3-0: Called Strike 3-1: Called Strike 3-2: Strikes out looking
|
|
Batting: RHB Josh Lyon
|
0-0: Ball 1-0: Ground out 4-3 (Groundball, 4, EV 81.9 MPH)
|
| Bottom of the 2nd over - 0 runs, 0 hits, 0 errors, 2 left on base; Tennessee 1 - Springfield 0 |
| TOP OF THE 3RD |
|
Tennessee Smokies batting - Pitching for Springfield Cardinals : RHP Danny Cook
|
|
Batting: RHB Eric Wiss
|
0-0: Called Strike 0-1: Ball 1-1: Swinging Strike 1-2: Strikes out looking
|
|
Batting: RHB Khalil Stephens
|
0-0: Ball 1-0: Ball 2-0: Ball 3-0: Called Strike 3-1: Called Strike 3-2: Foul Ball, location: 2F 3-2: Ground out 4-3 (Groundball, 4, EV 83.8 MPH)
|
|
Batting: RHB Brad Santanello
|
0-0: Foul Ball, location: 2F 0-1: Ball 1-1: Called Strike 1-2: Foul Ball, location: 2F 1-2: Ground out 5-3 (Groundball, 56, EV 102.5 MPH)
|
| Top of the 3rd over - 0 runs, 0 hits, 0 errors, 0 left on base; Tennessee 1 - Springfield 0 |
| BOTTOM OF THE 3RD |
|
Springfield Cardinals batting - Pitching for Tennessee Smokies : RHP Bogdan Sdobnyakov
|
|
Batting: RHB Jonathan Davis
|
0-0: Reached on error, E7 (Line Drive, 7LM, EV 88.8 MPH)
|
|
Batting: RHB Jose Rivera
|
0-0: Called Strike 0-1: Ball 1-1: Swinging Strike 1-2: Strikes out looking
|
|
Batting: RHB Tyler Walker
|
0-0: Foul Ball, location: 2F 0-1: Ball 1-1: Called Strike 1-2: Ball 2-2: Ball 3-2: Foul Ball, location: 2F 3-2: Ground out 6-3 (Groundball, 6, EV 111.9 MPH)
|
|
Batting: LHB Travis Ruppel
|
0-0: Fly out, F8 (Flyball, 89D, EV 91.2 MPH)
|
| Bottom of the 3rd over - 0 runs, 0 hits, 1 error, 1 left on base; Tennessee 1 - Springfield 0 |
| TOP OF THE 4TH |
|
Tennessee Smokies batting - Pitching for Springfield Cardinals : RHP Danny Cook
|
|
Batting: LHB Angel Oropeza
|
0-0: Ball 1-0: Ball 2-0: Ball 3-0: Called Strike 3-1: Foul Ball, location: 2F 3-2: Strikes out swinging
|
|
Batting: RHB Sam Sours
|
0-0: Ball 1-0: Fly out, F4 (Flyball, 4MD, EV 79.4 MPH)
|
|
Batting: RHB Tim Long
|
0-0: Ball 1-0: Ball 2-0: Ball 3-0: Called Strike 3-1: Foul Ball, location: 2F 3-2: Strikes out swinging
|
| Top of the 4th over - 0 runs, 0 hits, 0 errors, 0 left on base; Tennessee 1 - Springfield 0 |
| BOTTOM OF THE 4TH |
|
Springfield Cardinals batting - Pitching for Tennessee Smokies : RHP Bogdan Sdobnyakov
|
|
Batting: RHB Joe Alley
|
0-0: Ball 1-0: Ball 2-0: Called Strike 2-1: Swinging Strike 2-2: Foul Ball, location: 2F 2-2: Strikes out swinging
|
|
Batting: RHB Tommy Boudreaux
|
0-0: Ball 1-0: Foul Ball, location: 2F 1-1: Foul Ball, location: 2F 1-2: Fly out, F4 (Popup, 34, EV 51.9 MPH)
|
|
Batting: RHB Immel Kamuzu
|
0-0: Called Strike 0-1: Foul Ball, location: 2F 0-2: Ball 1-2: Ball 2-2: Foul Ball, location: 2F 2-2: Foul Ball, location: 2F 2-2: Foul Ball, location: 2F 2-2: SINGLE (Line Drive, 4MD, EV 98.8 MPH)
|
|
Batting: RHB Jose Jimenez
|
0-0: Ground out 5-3 (Groundball, 56S, EV 73.1 MPH)
|
| Bottom of the 4th over - 0 runs, 1 hit, 0 errors, 1 left on base; Tennessee 1 - Springfield 0 |
| TOP OF THE 5TH |
|
Tennessee Smokies batting - Pitching for Springfield Cardinals : RHP Danny Cook
|
|
Batting: RHB David Barnard
|
0-0: Called Strike 0-1: Foul Ball, location: 2F 0-2: Foul Ball, location: 2F 0-2: Foul Ball, location: 2F 0-2: Ground out 6-3 (Groundball, 6, EV 78.8 MPH)
|
|
Batting: RHB Sung-hwan Jung
|
0-0: Called Strike 0-1: Swinging Strike 0-2: Ground out U3 (Groundball, 34S, EV 95.0 MPH)
|
|
Batting: RHB Alvaro Romero
|
0-0: Swinging Strike 0-1: Ball 1-1: Swinging Strike 1-2: Strikes out swinging
|
| Top of the 5th over - 0 runs, 0 hits, 0 errors, 0 left on base; Tennessee 1 - Springfield 0 |
| BOTTOM OF THE 5TH |
|
Springfield Cardinals batting - Pitching for Tennessee Smokies : RHP Bogdan Sdobnyakov
|
|
Batting: RHB Josh Lyon
|
0-0: Called Strike 0-1: Ground out U3 (Groundball, 34S, EV 81.9 MPH)
|
|
Batting: RHB Jonathan Davis
|
0-0: Called Strike 0-1: Swinging Strike 0-2: Foul Ball, location: 2F 0-2: Fly out, F6 (Popup, 6M, EV 65.6 MPH)
|
|
Batting: RHB Jose Rivera
|
0-0: Called Strike 0-1: Ball 1-1: Swinging Strike 1-2: Ball 2-2: Ball 3-2: Foul Ball, location: 2F 3-2: Strikes out looking
|
| Bottom of the 5th over - 0 runs, 0 hits, 0 errors, 0 left on base; Tennessee 1 - Springfield 0 |
| TOP OF THE 6TH |
|
Tennessee Smokies batting - Pitching for Springfield Cardinals : RHP Danny Cook
|
|
Batting: RHB Eric Wiss
|
0-0: Foul Ball, location: 2F 0-1: Foul Ball, location: 2F 0-2: Foul Ball, location: 2F 0-2: Strikes out looking
|
|
Batting: RHB Khalil Stephens
|
0-0: Called Strike 0-1: Ball 1-1: Called Strike 1-2: Ball 2-2: Ball 3-2: Strikes out looking
|
|
Batting: RHB Brad Santanello
|
0-0: SINGLE (Groundball, 6MD, EV 105.0 MPH)
|
|
Batting: LHB Angel Oropeza
|
0-0: Ball 1-0: Ball 2-0: Ground out 4-3 (Groundball, 3D, EV 82.5 MPH)
|
| Top of the 6th over - 0 runs, 1 hit, 0 errors, 1 left on base; Tennessee 1 - Springfield 0 |
| BOTTOM OF THE 6TH |
|
Springfield Cardinals batting - Pitching for Tennessee Smokies : RHP Bogdan Sdobnyakov
|
|
Batting: RHB Tyler Walker
|
0-0: Ball 1-0: Ball 2-0: Ball 3-0: Called Strike 3-1: Swinging Strike 3-2: Strikes out swinging
|
|
Batting: LHB Travis Ruppel
|
0-0: Ball 1-0: Ball 2-0: Swinging Strike 2-1: Fly out, F8 (Flyball, 8RXD, EV 99.4 MPH)
|
|
Batting: RHB Joe Alley
|
0-0: Ball 1-0: Ball 2-0: Called Strike 2-1: Ball 3-1: Base on Balls
|
|
Pitching: RHP Gavrel Godziashvili
|
|
|
Batting: RHB Tommy Boudreaux
|
0-0: Ball 1-0: Swinging Strike 1-1: Swinging Strike 1-2: Ball 2-2: Strikes out swinging
|
| Bottom of the 6th over - 0 runs, 0 hits, 0 errors, 1 left on base; Tennessee 1 - Springfield 0 |
| TOP OF THE 7TH |
|
Tennessee Smokies batting - Pitching for Springfield Cardinals : RHP Danny Cook
|
|
Batting: RHB Sam Sours
|
0-0: Called Strike 0-1: Ball 1-1: Foul Ball, location: 2F 1-2: Ground out U3 (Groundball, 13, EV 79.4 MPH)
|
|
Pitching: RHP Travis Tovey
|
|
|
Batting: RHB Tim Long
|
0-0: Ball 1-0: Called Strike 1-1: Ball 2-1: Ball 3-1: Called Strike 3-2: Foul Ball, location: 2F 3-2: Foul Ball, location: 2F 3-2: Foul Ball, location: 2F 3-2: Base on Balls
|
|
Batting: RHB David Barnard
|
0-0: SINGLE (Line Drive, 8LS, EV 101.2 MPH) Tim Long to second
|
|
Batting: RHB Sung-hwan Jung
|
0-0: Called Strike 0-1: Ball 1-1: Grounds into double play, 6-4-3 (Groundball, 6, EV 82.5 MPH)
|
| Top of the 7th over - 0 runs, 1 hit, 0 errors, 1 left on base; Tennessee 1 - Springfield 0 |
| BOTTOM OF THE 7TH |
|
Springfield Cardinals batting - Pitching for Tennessee Smokies : RHP Gavrel Godziashvili
|
|
Batting: RHB Immel Kamuzu
|
0-0: Called Strike 0-1: Foul Ball, location: 2F 0-2: Fly out, F4 (Popup, 34, EV 76.2 MPH)
|
|
Batting: RHB Jose Jimenez
|
0-0: Ball 1-0: Called Strike 1-1: SINGLE (Groundball, 56D, EV 104.4 MPH)
|
|
Batting: RHB Josh Lyon
|
0-0: Ball Jose Jimenez steals 2nd base 1-0: Ball 2-0: Fly out, F8 (Flyball, 8LD, EV 93.8 MPH)
|
|
Batting: RHB Jonathan Davis
|
0-0: Ball 1-0: Foul Ball, location: 2F 1-1: Ball 2-1: Ball 3-1: Fly out, F9 (Line Drive, 9D, EV 95.0 MPH)
|
| Bottom of the 7th over - 0 runs, 1 hit, 0 errors, 1 left on base; Tennessee 1 - Springfield 0 |
| TOP OF THE 8TH |
|
Tennessee Smokies batting - Pitching for Springfield Cardinals : RHP Travis Tovey
|
|
Pinch Hitting: RHB Ryan Walker
|
0-0: Ball 1-0: Foul Ball, location: 2F 1-1: Ground out 5-3 (Groundball, 5S, EV 90.6 MPH)
|
|
Batting: RHB Eric Wiss
|
0-0: Ball 1-0: Called Strike 1-1: Ball 2-1: Foul Ball, location: 2F 2-2: Fly out, F8 (Line Drive, 8LD, EV 93.1 MPH)
|
|
Batting: RHB Khalil Stephens
|
0-0: Called Strike 0-1: Ball 1-1: Called Strike 1-2: SINGLE (Groundball, 56D, EV 99.4 MPH)
|
|
Batting: RHB Brad Santanello
|
0-0: Called Strike Khalil Stephens steals 2nd, throwing error, E2 Khalil Stephens to third 0-1: Swinging Strike 0-2: Ball 1-2: DOUBLE (Groundball, 5L, EV 98.1 MPH) Khalil Stephens scores
|
|
Batting: LHB Angel Oropeza
|
0-0: Intentional Walk
|
|
Batting: RHB Sam Sours
|
0-0: Ball 1-0: Swinging Strike 1-1: DOUBLE (Flyball, 89D, EV 93.8 MPH) Brad Santanello scores Angel Oropeza to third Runner from 3rd tries for Home, SAFE, no throw by RF
|
|
Pitching: RHP Phil Feldscher
|
|
|
Batting: RHB Tim Long
|
0-0: Called Strike 0-1: Ball 1-1: Ball 2-1: Fly out, F7 (Flyball, 7, EV 73.1 MPH)
|
| Top of the 8th over - 3 runs, 3 hits, 1 error, 1 left on base; Tennessee 4 - Springfield 0 |
| BOTTOM OF THE 8TH |
|
Springfield Cardinals batting - Pitching for Tennessee Smokies : RHP Gavrel Godziashvili
|
|
Pitching: RHP Ryan Masterson
|
|
|
Now at 3B: Ryan Walker
|
|
|
Batting: RHB Jose Rivera
|
0-0: Called Strike 0-1: Foul Ball, location: 2F 0-2: Strikes out swinging
|
|
Batting: RHB Tyler Walker
|
0-0: Called Strike 0-1: Swinging Strike 0-2: Foul Ball, location: 2F 0-2: Ball 1-2: Ball 2-2: Ground out 4-3 (Groundball, 34, EV 111.2 MPH)
|
|
Batting: LHB Travis Ruppel
|
0-0: Called Strike 0-1: Ball 1-1: Reached on error, E5 (Groundball, 56S, EV 83.1 MPH)
|
|
Batting: RHB Joe Alley
|
0-0: Ball Balk! Travis Ruppel to second 1-0: Ball 2-0: Ball 3-0: Called Strike 3-1: Base on Balls
|
|
Batting: RHB Tommy Boudreaux
|
0-0: Called Strike 0-1: Ball 1-1: Ball 2-1: Ball 3-1: 3-RUN HOME RUN (Line Drive, 7D, EV 105.0 MPH), Distance : 401 ft
|
|
Pitching: RHP Devin Ward
|
|
|
Now in LF: Jonathan Sotelo
|
|
|
Batting: RHB Immel Kamuzu
|
0-0: Ball 1-0: Swinging Strike 1-1: Ball 2-1: Ball 3-1: Swinging Strike 3-2: Strikes out looking
|
| Bottom of the 8th over - 3 runs, 1 hit, 1 error, 0 left on base; Tennessee 4 - Springfield 3 |
| TOP OF THE 9TH |
|
Tennessee Smokies batting - Pitching for Springfield Cardinals : RHP Phil Feldscher
|
|
Batting: RHB David Barnard
|
0-0: Ball 1-0: Reached via error on a dropped throw from 2B, E3 (Groundball, 4, EV 103.1 MPH)
|
|
Batting: RHB Sung-hwan Jung
|
0-0: Swinging Strike 0-1: Called Strike 0-2: Ball 1-2: Grounds into double play, 4-6-3 (Groundball, 4, EV 101.9 MPH)
|
|
Batting: RHB Ryan Walker
|
0-0: Called Strike 0-1: Fly out, F8 (Flyball, 8RM, EV 85.0 MPH)
|
| Top of the 9th over - 0 runs, 0 hits, 1 error, 0 left on base; Tennessee 4 - Springfield 3 |
| BOTTOM OF THE 9TH |
|
Springfield Cardinals batting - Pitching for Tennessee Smokies : RHP Devin Ward
|
|
Pitching: RHP Jorge Mora
|
|
|
Batting: RHB Jose Jimenez
|
0-0: Ball 1-0: Called Strike 1-1: Ball 2-1: Foul Ball, location: 2F 2-2: Ball 3-2: Foul Ball, location: 2F 3-2: Ground out 6-3 (Groundball, 56, EV 100.6 MPH)
|
|
Batting: RHB Josh Lyon
|
0-0: Called Strike 0-1: Swinging Strike 0-2: Strikes out swinging
|
|
Batting: RHB Jonathan Davis
|
0-0: Foul Ball, location: 2F 0-1: Ground out 6-3 (Groundball, 6, EV 89.4 MPH)
|
| Bottom of the 9th over - 0 runs, 0 hits, 0 errors, 0 left on base; Tennessee 4 - Springfield 3 |
|